 Dungeon Crawl Stone Soup version 0.23.2 (webtiles) character file.

Game seed: 9686297148979067851

15382 Borgoz the Slicer (level 12, -3/112 HPs)
             Began as a Gargoyle Gladiator on Apr 12, 2019.
             Was a Believer of Ashenzari.
             Slain by an entropy weaver (5 damage)
             ... in a Gauntlet.
             The game lasted 00:45:57 (13440 turns).

Borgoz the Slicer (Gargoyle Gladiator)             Turns: 13440, Time: 00:45:58

Health: -3/112     AC: 19    Str: 28    XL:     12   Next: 26%
Magic:  15/15      EV: 19    Int: 10    God:    Ashenzari [**....]
Gold:   702        SH:  0    Dex: 20    Spells: 11/11 levels left

rFire    + . .     SeeInvis .   z - +3 short sword
rCold    . . .     Gourm    .   (no shield)
rNeg     + . .     Faith    .   t - +2 ring mail {rF+}
rPois    ∞         Spirit   .   c - +0 helmet
rElec    +         Reflect  .   B - +0 cloak
rCorr    .         Harm     .   x - +0 pair of gloves
MR       .....     NoTele   +   D - +0 pair of boots
Stlth    ..........             E - amulet of rage (curse)
HPRegen  0.28/turn              F - +5 ring of dexterity
MPRegen  0.14/turn              n - +5 ring of strength

@: berserking (expiring), corroded, starving, very quick
A: negative energy resistance 1, electricity resistance, unbreathing,
petrification resistance, rot immunity, AC +8
a: Curse Item, Scrying, Renounce Religion, Evoke Berserk Rage


You were in a Gauntlet.
You worshipped Ashenzari.
Ashenzari was pleased with you.
You were starving.

You visited 3 branches of the dungeon, and saw 14 of its levels.
You also visited: Gauntlet.

You collected 702 gold pieces.

Inventory:

Hand Weapons
 a - a +0 rapier of freezing
 p - a +0 rapier
 z - a +3 short sword (weapon)
 J - the cursed +1 falchion of Lostricru {freeze, *Drain rC+ MR+}
   (You found it on level 10 of the Dungeon)

   It has been specially enchanted to freeze those struck by it, causing extra
   injury to most foes and up to half again as much damage against particularly
   susceptible opponents.
   It can also slow down cold-blooded creatures.
   It protects you from cold.
   It affects your resistance to hostile enchantments.
   It causes draining when unequipped.
   It has a curse placed upon it.
Armour
 b - a +0 pair of boots of running
 c - a +0 helmet (worn)
 r - a +3 leather armour of cold resistance
 t - a +2 ring mail of fire resistance (worn)
 w - a +0 troll leather armour
 x - a +0 pair of gloves (worn)
 B - a +0 cloak (worn)
 D - a +0 pair of boots (worn)
 G - a +2 scale mail of cold resistance
Jewellery
 h - an uncursed ring of resist corrosion
 m - a +5 ring of protection
 n - a +5 ring of strength (right hand)
 s - an uncursed ring of ice
 E - a cursed amulet of rage (around neck)
 F - a +5 ring of dexterity (left hand)
 N - an uncursed ring of see invisible
 T - a +5 ring of intelligence
Wands
 d - a wand of flame (67)
 C - a wand of polymorph (11)
 I - a wand of iceblast (1)
 O - a wand of enslavement (4)
Scrolls
 g - a scroll of random uselessness {unknown}
 j - 4 scrolls of enchant armour
 o - 5 scrolls of remove curse
 u - 2 scrolls of noise {unknown}
 y - a scroll of silence {unknown}
 A - 2 scrolls of summoning {unknown}
 K - 2 scrolls of teleportation
 P - a scroll of enchant weapon {unknown}
 R - a scroll of fog {unknown}
 S - 2 scrolls of magic mapping {unknown}
 U - a scroll of acquirement {unknown}
Potions
 e - 4 potions of brilliance
 i - 3 potions of mutation
 l - 2 potions of flight
 q - 7 potions of lignification
 v - 2 potions of agility
Comestibles
 f - 24 rations


   Skills:
 + Level 8.6 Fighting
 * Level 10.2 Short Blades
 - Level 1.7 Throwing
 + Level 8.2 Armour
 * Level 9.4 Dodging
 + Level 3.9 Stealth
 - Level 5.0 Evocations


You had 11 spell levels left.
You didn't know any spells.
Your spell library contained the following spells:

 Spells                   Type           Power        Failure   Level  Hunger
 Flame Tongue             Conj/Fire      #....        45%         1    ##.....
 Sandblast                Erth           #.....       45%         1    ##.....
 Sting                    Conj/Pois      #...         45%         1    ##.....
 Passwall                 Tmut/Erth      #.......     61%         2    ###....
 Poisonous Vapours        Pois/Air       #.....       61%         2    ###....
 Throw Flame              Conj/Fire      #.....       61%         2    ###....
 Conjure Flame            Conj/Fire      #.......     83%         3    ####...
 Inner Flame              Hex/Fire       #.......     83%         3    ####...
 Mephitic Cloud           Conj/Pois/Air  #.......     83%         3    ####...
 Stone Arrow              Conj/Erth      #.....       83%         3    ####...
 Olgreb's Toxic Radiance  Pois           #.......     99%         4    #####..
 Petrify                  Tmut/Erth      #.......     99%         4    #####..
 Sticky Flame             Conj/Fire      #.......     99%         4    #####..
 Fireball                 Conj/Fire      #.........   100%        5    ######.
 Lee's Rapid Deconstruct  Erth           #.........   100%        5    ######.
 Venom Bolt               Conj/Pois      #.........   100%        5    ######.


Dungeon Overview and Level Annotations

Branches:
Dungeon (12/15)            Temple (1/1) D:5            Lair (1/6) D:8
    Orc (0/2) D:10

Altars:
Ashenzari
Cheibriados
Dithmenos
Elyvilon
Fedhas
Gozag
Hepliaklqana
Kikubaaqudgha
Makhleb
Nemelex Xobeh
Okawaru
Qazlal
Ru
Sif Muna
Trog
Uskayaw
Vehumet
Wu Jian
Xom
Yredelemnul
Zin
The Shining One

Annotations:
Gauntlet 11 transporters, exclusion: obsidian statue


Innate Abilities, Weirdness & Mutations

You are resistant to torment.
Your stone body is resilient. (AC +8)
You are immune to poison.
You resist negative energy. (rN+)
You are resistant to electric shocks. (rElec)
You can survive without breathing.
You are immune to petrification.
You are immune to rotting.


Message History

You hit the entropy weaver.
The entropy weaver is heavily wounded.
The entropy weaver closely misses you. The entropy weaver barely misses you.
The entropy weaver completely misses you.
The entropy weaver hits you but does no damage.
You hit the entropy weaver.
The entropy weaver is heavily wounded.
You puncture the entropy weaver!
The entropy weaver is severely wounded.
The entropy weaver barely misses you.
The entropy weaver completely misses you.
The entropy weaver hits you but does no damage.
The entropy weaver completely misses you.
You completely miss the entropy weaver.
The entropy weaver is severely wounded.
The entropy weaver hits you but does no damage.
The entropy weaver closely misses you.
The entropy weaver hits you but does no damage.
The entropy weaver hits you.
You die...

.....#.#.#.........#..#
.##..#.#.#.#.#.#.#.#..#
#..#.#.#.#..#.#.#..#..#####
#..#.#.#.#.#.#.#.#.#..#≈8≈#
###.©#©#.#..#.©.#..#..#...###
#..#.###.#.#.#.#.#.####.8...
#..#.#...#..#.#.#..#©.....###
*
.##..#...#.#.#.#.#.####.8....
.....#...#...%©a@..#..#...#
######§§§###########..#.8.#
.......§§............≈#...#,
......≈8§............∩#.8.#*
.......≈.............≈#...# ,
######...###########..#.8.#,
.....#...#..($©sys.#..#...# ,
.....#...#.##...##.####.8...
....=#...#s#.###.#.#©.....##


You could see an entropy weaver, a moth of wrath and 2 redbacks.

Vanquished Creatures
  A hydra (D:12)
  2 two-headed ogres
  A death scarab (Gauntlet)
  An unseen horror (D:11)
  A wolf spider (Gauntlet)
  2 gargoyles (D:11)
  A spiny frog (Lair:1)
  A komodo dragon (Lair:1)
  A jumping spider (Gauntlet)
  5 trolls
  A tyrant leech (Gauntlet)
  A hornet (D:11)
  Grinder (D:6)
  4 hippogriffs
  A wyvern (D:8)
  A spectral black mamba (Gauntlet)
  A shadow (D:11)
  Eustachio (D:6)
  9 yaks
  A hungry ghost (D:8)
  3 swamp worms (Gauntlet)
  3 wargs (D:8)
  A water moccasin (D:5)
  3 orc warriors
  An ice beast (D:8)
  2 black bears
  3 sky beasts
  5 ogres
  7 centaurs
  A phantom (D:7)
  3 crocodiles
  7 bullfrogs
  A wyvern skeleton (D:8)
  A scorpion (D:10)
  A water moccasin skeleton (D:9)
  4 wights (D:8)
  7 howler monkeys
  5 crimson imps
  2 bullfrog zombies (D:5)
  5 jellies
  3 centaur zombies
  A centaur skeleton (D:9)
  8 hounds
  10 orc wizards
  5 orc priests
  Crazy Yiuf (D:5)
  3 bullfrog skeletons
  Jessica (D:4)
  7 worker ants
  3 iguanas
  Natasha (thrice) (D:3)
  2 hound zombies (D:5)
  A howler monkey skeleton (D:8)
  13 adders
  2 shadow imps
  3 oozes
  An adder skeleton (D:4)
  3 worms
  3 dart slugs
  6 leopard geckos
  33 orcs
  A ball python (D:3)
  5 bats
  8 giant cockroaches
  9 goblins
  5 hobgoblins
  6 jackals
  11 kobolds
  3 quokkas
  9 frilled lizards
  A jackal skeleton (D:8)
  2 quokka zombies
  10 rats
284 creatures vanquished.

Vanquished Creatures (collateral kills)
  A swamp worm (Gauntlet)
1 creature vanquished.

Vanquished Creatures (others)
  An orc wizard (D:4)
  2 demonic plants (Gauntlet)
  A fungus (Lair:1)
  8 withered plants (Gauntlet)
12 creatures vanquished.

Grand Total: 297 creatures vanquished

Notes
Turn   | Place    | Note
-------+----------+-------------------------------------------
     0 | D:1      | Borgoz the Gargoyle Gladiator began the quest for the Orb.
     0 | D:1      | Reached XP level 1. HP: 12/12 MP: 1/1
    76 | D:1      | Reached XP level 2. HP: 18/18 MP: 2/2
   175 | D:1      | Reached skill level 3 in Short Blades
   369 | D:1      | Reached XP level 3. HP: 21/22 MP: 3/3
   491 | D:1      | Reached skill level 1 in Armour
   933 | D:1      | Found a snail-covered altar of Cheibriados.
  1097 | D:2      | Reached XP level 4. HP: 27/27 MP: 4/4
  1496 | D:2      | Reached XP level 5. HP: 32/32 MP: 5/5
  1622 | D:3      | Noticed Natasha
  1631 | D:3      | Killed Natasha
  1771 | D:3      | Reached skill level 4 in Short Blades
  2201 | D:3      | Reached XP level 6. HP: 37/37 MP: 6/6
  2232 | D:3      | Noticed Natasha
  2249 | D:3      | Killed Natasha
  2380 | D:3      | Noticed Natasha
  2394 | D:3      | Killed Natasha
  3148 | D:4      | Reached XP level 7. HP: 42/42 MP: 7/7
  3376 | D:4      | Found a sparkling altar of Nemelex Xobeh.
  3376 | D:4      | Noticed Jessica
  3402 | D:4      | Killed Jessica
  3988 | D:5      | Entered Level 5 of the Dungeon
  3999 | D:5      | Reached skill level 5 in Short Blades
  4184 | D:5      | Found an opulent altar of Gozag.
  4326 | D:5      | Found a staircase to the Ecumenical Temple.
  4350 | Temple   | Entered the Ecumenical Temple
  4431 | Temple   | Became a worshipper of Ashenzari the Shackled
  4488 | D:5      | Reached XP level 8. HP: 42/48 MP: 8/8
  4571 | D:5      | Reached skill level 5 in Dodging
  4801 | D:5      | Found a runed translucent door.
  4802 | D:5      | Noticed Crazy Yiuf
  5428 | D:5      | Killed Crazy Yiuf
  5428 | D:5      | Reached skill level 6 in Short Blades
  5528 | D:6      | Reached skill level 5 in Fighting
  5619 | D:6      | Found a white marble altar of Elyvilon.
  5692 | D:6      | Noticed Eustachio
  5738 | D:6      | Killed Eustachio
  5867 | D:6      | Noticed Grinder
  5988 | D:6      | Reached XP level 9. HP: 53/54 MP: 9/9
  6049 | D:6      | Killed Grinder
  6058 | D:6      | Reached * piety under Ashenzari
  6125 | D:6      | Reached skill level 5 in Armour
  6550 | D:7      | Reached skill level 7 in Short Blades
  7158 | D:7      | Reached skill level 1 in Evocations
  7605 | D:8      | Reached XP level 10. HP: 20/60 MP: 11/11
  7610 | D:9      | Noticed a two-headed ogre
  7733 | D:8      | Reached skill level 8 in Short Blades
  7998 | D:8      | Found a staircase to the Lair.
  9607 | D:9      | Killed a two-headed ogre
  9619 | D:9      | Reached XP level 11. HP: 53/67 MP: 13/13
  9632 | D:9      | Reached skill level 9 in Short Blades
  9799 | D:10     | Entered Level 10 of the Dungeon
 10104 | D:10     | Found a staircase to the Orcish Mines.
 10147 | D:10     | Reached ** piety under Ashenzari
 10399 | D:10     | Got the cursed falchion of Lostricru {freeze, *Drain rC+
                  | MR+}
 10556 | D:11     | Reached skill level 1 in Stealth
 11182 | D:11     | Killed an unseen horror
 11399 | D:11     | Noticed a two-headed ogre
 11425 | D:11     | Killed a two-headed ogre
 11984 | D:12     | Noticed a seven-headed hydra
 11996 | D:12     | Killed a seven-headed hydra
 12365 | Lair:1   | Entered Level 1 of the Lair of Beasts
 12399 | Lair:1   | Reached skill level 10 in Short Blades
 12399 | Lair:1   | Reached XP level 12. HP: 64/75 MP: 15/15
 12495 | Lair:1   | Found a gate leading to a gauntlet.
 12522 | Gauntlet | Entered a Gauntlet
 12522 | Gauntlet | Found a transporter.
 12522 | Gauntlet | Found a transporter.
 12526 | Gauntlet | Found a transporter.
 12526 | Gauntlet | Found a transporter.
 12537 | Gauntlet | Noticed a death scarab
 12539 | Gauntlet | Found a transporter.
 12548 | Gauntlet | Found a transporter.
 12549 | Gauntlet | Identified the ring of Qexzimm {rPois Dex+2}
 12558 | Gauntlet | Found a transporter.
 12558 | Gauntlet | Found a transporter.
 12558 | Gauntlet | Noticed an entropy weaver
 12562 | Gauntlet | Found a transporter.
 12589 | Gauntlet | Found a transporter.
 12598 | Gauntlet | Found a transporter.
 12618 | Gauntlet | Found a transporter.
 12664 | Gauntlet | Found a transporter.
 12682 | Gauntlet | Found a transporter.
 12785 | Gauntlet | Found a transporter.
 12801 | Gauntlet | Found a transporter.
 12951 | Gauntlet | Killed a death scarab
 13358 | Gauntlet | Reached skill level 5 in Evocations
 13367 | Gauntlet | HP: 2/75 [entropy weaver (11)]
 13435 | Gauntlet | HP: 2/112 [entropy weaver (8)]
 13440 | Gauntlet | Slain by an entropy weaver

Skill      XL: |  1  2  3  4  5  6  7  8  9 10 11 12 |
---------------+-------------------------------------+-----
Short Blades   | 3 4 5 6 7 8 10 | 10.2
Armour         | 1 2 3 4 5 7 8 |  8.2
Dodging        | 3 4 5 7 8 9 |  9.4
Fighting       | 3 4 5 6 7 8 |  8.6
Evocations     | 1 3 4 5 |  5.0
Stealth        | 3 |  3.9
Throwing       | |  1.7

Action                   |  1- 3 |  4- 6 |  7- 9 | 10-12 || total
-------------------------+-------+-------+-------+-------++-------
Melee: Rapier            |   114 |   341 |   683 |    88 ||  1226
       Short sword       |       |       |       |   879 ||   879
Throw: Throwing net      |       |     3 |     3 |     1 ||     7
Invok: Curse Item        |       |       |       |     1 ||     1
 Abil: Evoke Berserk Rag |       |       |       |    11 ||    11
Evoke: Wand              |       |       |     1 |    15 ||    16
  Use: Scroll            |       |     4 |     8 |     8 ||    20
       Potion            |       |     1 |     4 |    14 ||    19
 Stab: Held in net/web   |       |       |       |     1 ||     1
  Eat: Chunk             |     1 |     7 |    15 |    23 ||    46
       Ration            |       |       |       |     2 ||     2
Armor: Plate armour      |   121 |   201 |       |       ||   322
       Leather armour    |     4 |       |       |       ||     4
       Ring mail         |       |    29 |   345 |   420 ||   794
Dodge: Dodged            |    54 |   113 |   502 |   642 ||  1311
